Map: Eastwatch LE

Players

Nolimit - Winner!

  • Race: Zerg Zerg
  • Spawn Location: 1:00

Harstem

  • Race: Protoss Protoss
  • Spawn Location: 7:00

Event: WCS Leipzig 2018

VOD

Have the link to the VOD?

Description

Time

  • Played on: Jan. 26, 2018, 6:41 a.m.
  • Length: 10:48

All games in this series

Show
View Real Time Build Order
Export as new Build Order

Nolimit Zerg - Winner!

Build Orders: Hatch First, Lurkers 

Get SALT Encoding   

  12  0:00  Drone  
  13  0:12  Overlord  
  13  0:17  Drone  
  14  0:30  Drone  
  14  0:31  Drone  
  16  0:36  Drone  
  17  0:51  Hatchery  
  17  0:54  Drone  
  17  0:57  Drone  
  18  1:08  Extractor  
  17  1:12  Spawning Pool  
  17  1:15  Drone  
  17  1:19  Drone  
  18  1:28  Drone  
  19  1:40  Overlord  
  19  2:00  Zergling x4  
  21  2:02  Queen  
  21  2:03  Queen  
  21  2:04  Drone  
  26  2:11  Metabolic Boost  
  26  2:13  Drone  
  26  2:15  Drone  
  29  2:22  Drone  
  29  2:34  Hatchery  
  29  2:36  Drone  
  29  2:37  Drone  
  30  2:44  Drone x2  
  30  2:49  Overlord  
  32  2:53  Zergling x2  
  32  2:57  Zergling x2  
  34  2:59  Queen  
  36  3:07  Zergling x4  
  38  3:13  Drone x2  
  38  3:14  Overlord  
  38  3:18  Drone  
  38  3:35  Drone x4  
  38  3:39  Spore Crawler x2  
  40  3:41  Lair  
  40  3:45  Drone  
  40  3:47  Drone  
  42  4:00  Drone x4  
  45  4:06  Drone x2  
  45  4:12  Drone x3  
  45  4:14  Extractor  
  47  4:17  Extractor  
  47  4:18  Spore Crawler  
  47  4:20  Drone x3  
  48  4:29  Drone x4  
  48  4:30  Drone x2  
  54  4:37  Drone  
  55  4:41  Extractor, Hydralisk Den  
  55  4:42  Drone x3  
  55  4:44  Overlord  
  56  4:47  Drone  
  56  4:48  Drone  
  58  4:54  Overlord  
  56  5:10  Muscular Augments  
  56  5:11  Overlord x2  
  56  5:13  Drone x2, Hydralisk x3  
  62  5:20  Hydralisk  
  66  5:29  Overseer  
  66  5:32  Hydralisk x2  
  66  5:34  Hydralisk  
  74  5:36  Queen  
  74  5:39  Overlord  
  74  5:41  Hydralisk  
  74  5:42  Zergling x4  
  80  5:44  Overlord  
  78  6:00  Hydralisk x2, Queen  
  78  6:03  Hydralisk x3, Overlord  
  84  6:08  Hydralisk  
  90  6:15  Overlord  
  90  6:21  Overlord x2  
  90  6:25  Lurker Den  
  89  6:28  Hydralisk x2  
  89  6:29  Zergling x10  
  98  6:38  Zergling x8  
  102  6:42  Hydralisk  
  102  6:43  Hydralisk x2  
  102  6:44  Zergling x2  
  109  6:55  Zergling x2  
  109  6:56  Zergling x12  
  114  7:05  Zergling x4  
  113  7:12  Hydralisk x4  
  113  7:15  Overlord x2  
  121  7:25  Overlord  
  121  7:26  Zergling x2  
  121  7:35  Zergling x6  
  124  7:44  Zergling x2  
  124  7:45  Zergling x4  
  124  7:52  Lurker x5  
  124  7:53  Lurker  
  124  7:55  Zergling x18  
  124  7:57  Hydralisk  
  135  8:11  Lurker  
  135  8:12  Zergling x8  
  133  8:31  Zergling x18  
  127  8:37  Queen x2  
  127  8:38  Hydralisk x2  
  135  8:44  Extractor, Spire  
  135  8:46  Extractor  
  130  8:49  Lurker  
  130  8:50  Zergling x20  
  141  8:59  Drone x2  
  141  9:02  Drone  
  136  9:12  Zergling x6  
  136  9:13  Zergling x6  
  142  9:20  Hydralisk x2  
  138  9:37  Hydralisk  
  138  9:38  Hydralisk x4  
  135  9:47  Hydralisk x3  
  134  9:59  Mutalisk x4  
  142  10:09  Zergling x2  
  142  10:10  Zergling x6  
  142  10:13  Overseer x2  
Show
View Real Time Build Order
Export as new Build Order

Harstem Protoss 

Build Orders: 1 Gate Expand, Oracle Opening, Chargelot Immortal 

Get SALT Encoding   

  12  0:00  Probe  
  13  0:13  Probe  
  14  0:18  Pylon  
  14  0:25  Probe (Chrono Boost)  
  15  0:37  Probe (Chrono Boost)  
  15  0:40  Gateway  
  16  0:45  Probe (Chrono Boost)  
  16  0:48  Assimilator  
  17  0:51  Probe  
  18  1:03  Probe  
  19  1:15  Probe  
  20  1:25  Nexus  
  20  1:35  Cybernetics Core  
  20  1:39  Probe  
  21  1:44  Assimilator  
  21  1:51  Probe  
  22  1:54  Pylon  
  22  2:03  Probe  
  23  2:11  Adept (Chrono Boost)  
  23  2:15  Stargate  
  25  2:18  Probe  
  26  2:26  Warp Gate (Chrono Boost)  
  26  2:29  Adept (Chrono Boost)  
  25  2:30  Probe  
  28  2:37  Probe  
  28  2:42  Probe  
  30  2:49  Probe  
  31  2:54  Probe  
  31  2:56  Oracle (Chrono Boost)  
  34  3:00  Adept  
  34  3:02  Probe  
  38  3:06  Probe  
  39  3:13  Pylon  
  39  3:14  Probe  
  39  3:18  Probe  
  41  3:30  Oracle (Chrono Boost)  
  41  3:33  Probe x2  
  44  3:36  Adept  
  44  3:40  Gateway  
  44  3:45  Probe  
  44  3:46  Gateway  
  44  3:47  Probe  
  46  3:52  Assimilator  
  46  3:54  Assimilator  
  46  3:57  Probe  
  46  4:00  Probe  
  48  4:05  Pylon  
  48  4:09  Probe  
  45  4:13  Probe  
  45  4:14  Robotics Facility  
  46  4:21  Probe  
  46  4:23  Pylon  
  47  4:25  Probe, Adept  
  50  4:32  Pylon  
  50  4:33  Probe  
  50  4:34  Phoenix  
  50  4:37  Probe  
  54  4:43  Adept  
  54  4:44  Adept  
  58  4:51  Pylon  
  58  5:06  Nexus  
  58  5:09  Observer (Chrono Boost)  
  58  5:10  Pylon  
  58  5:13  Forge  
  60  5:14  Probe  
  60  5:15  Twilight Council  
  60  5:21  Probe  
  61  5:26  Probe  
  62  5:31  Immortal  
  62  5:32  Sentry x2  
  62  5:33  Probe, Sentry  
  73  5:38  Probe  
  73  5:39  Protoss Ground Weapons Level 1  
  74  5:44  Gateway  
  74  5:45  Probe  
  74  5:46  Gateway  
  75  5:51  Charge (Chrono Boost)  
  76  6:02  Gateway  
  75  6:05  Gateway  
  77  6:13  Immortal  
  77  6:15  Sentry, Zealot  
  83  6:22  Probe, Pylon  
  84  6:26  Probe  
  84  6:27  Probe  
  85  6:34  Probe  
  85  6:36  Zealot x2  
  85  6:39  Probe  
  91  6:45  Probe  
  91  6:46  Probe  
  93  6:47  Pylon  
  93  6:50  Zealot x2  
  93  6:52  Immortal (Chrono Boost)  
  93  6:54  Zealot  
  102  6:57  Probe x2  
  102  6:59  Probe  
  104  7:04  Pylon  
  101  7:09  Zealot x2  
  101  7:11  Zealot  
  101  7:12  Shield Battery  
  105  7:16  Probe  
  105  7:17  Probe, Shield Battery  
  105  7:22  Zealot x2  
  111  7:26  Zealot  
  111  7:27  Zealot  
  117  7:31  Shield Battery  
  117  7:33  Shield Battery  
  117  7:34  Pylon  
  115  7:37  Probe  
  115  7:39  Probe x2  
  115  7:41  Assimilator  
  115  7:43  Shield Battery  
  118  7:50  Pylon  
  118  7:55  Templar Archives  
  118  8:01  Zealot x4, Photon Cannon  
  126  8:07  Probe  
  126  8:09  Pylon  
  126  8:10  Assimilator  
  126  8:11  Probe  
  128  8:13  Zealot  
  128  8:15  Probe  
  128  8:18  Pylon  
  128  8:19  Pylon  
  133  8:24  Oracle (Chrono Boost)  
  129  8:30  Observer (Chrono Boost)  
  129  8:32  High Templar x2, Zealot x2  
  136  8:37  Pylon  
  135  8:42  Pylon  
  135  8:47  Psionic Storm  
  135  8:48  Archon  
  135  9:00  Observer  
  134  9:08  High Templar x4  
  132  9:16  High Templar  
  134  9:24  Nexus  
  134  9:29  Pylon, Oracle  
  120  9:41  Zealot x4  
  120  9:51  Immortal  
  117  9:56  Zealot  
  118  10:03  Zealot x2  
  122  10:17  High Templar x3  
  108  10:36  Zealot x2  
Tags
 
Add a new tag
Caveats
  • Supply blocks, unpowered buildings, or Contaminate may cause inaccurate times.
  • Supply counts are checked every 10 seconds.